 Dungeon Crawl Stone Soup version 0.31-a0-867-g9b2fd80f0c (webtiles) character file.

Game seed: 10792884061500531462

639 BinkBink the Shield-Bearer (level 7, -2/61 HPs)
             Began as a Minotaur Fighter on Oct 11, 2023.
             Killed from afar by Blork the orc (6 damage)
             ... with a puff of frost
             ... on level 4 of the Dungeon.
             The game lasted 00:02:49 (2468 turns).

BinkBink the Shield-Bearer (Minotaur Fighter)       Turns: 2468, Time: 00:02:51

Health: -2/61      AC:  7    Str: 22    XL:     7   Next: 25%
Magic:  6/6        EV:  9    Int:  5    God:
Gold:   124        SH:  5    Dex: 10    Spells: 6/6 levels left

rFire   . . .        a - +0 war axe
rCold   . . .        c - +0 buckler
rNeg    . . .        b - +0 scale mail
rPois   .            (helmet restricted)
rElec   .            (no cloak)
rCorr   .            (no gloves)
SInv    .            (no boots)
Will    .....        (no amulet) Stlth
                     (no ring)
HPRegen 0.30/turn    (no ring)
MPRegen 0.10/turn

%: no passive effects
@: lethally poisoned (-2 -> -16)
A: horns 2, retaliatory headbutt
a: no special abilities


You were on level 4 of the Dungeon.
You visited 1 branch of the dungeon, and saw 4 of its levels.

You collected 124 gold pieces.

Inventory:

Hand Weapons
 a - a +0 war axe (weapon)
Armour
 b - a +0 scale mail (worn)
 c - a +0 buckler (worn)
Wands
 k - a wand of flame (16)
Scrolls
 e - a scroll of vulnerability {unknown}
 g - 2 scrolls of identify {unknown}
 i - a scroll of teleportation {unknown}
 j - a scroll of poison {unknown}
 l - a scroll of amnesia {unknown}
Potions
 d - 3 potions of might
 f - 2 potions of enlightenment {unknown}
 h - 4 potions of curing {unknown}


   Skills:
 + Level 5.2 Fighting
 * Level 6.0 Axes
 + Level 5.1 Armour
 * Level 6.6 Shields


You had 6 spell levels left.
You didn't know any spells.
Your spell library contained the following spells:

 Spells                   Type           Power      Damage    Failure   Level
 Inner Flame              Hex/Fire       0%         N/A       99%         3
 Flame Wave               Conj/Fire      0%         2d4       100%        4
 Sticky Flame             Conj/Fire      0%         2d3       100%        4


Dungeon Overview and Level Annotations

Branches:
Dungeon (4/15)
 Temple: D:4-7

Altars:
Yredelemnul

Annotations:
D:4 Blork the orc


Innate Abilities, Weirdness & Mutations

You have a pair of horns on your head.
You reflexively headbutt those who attack you in melee.


Message History

You block the black bear's attack.
You barely miss the black bear. Your headbutt misses the black bear.
The black bear closely misses you. You furiously retaliate!
You headbutt the black bear!
The black bear claws you but does no damage.
You block the black bear's attack. The black bear barely misses you. x2
The black bear claws you.
You barely miss the black bear. You headbutt the black bear!
The black bear is almost dead.
The black bear barely misses you. You block the black bear's attack.
The black bear claws you but does no damage.
You slash the black bear!
You kill the black bear!
Your Axes skill increases to level 6!
Blork the orc comes into view.
He is wielding a +4 battleaxe of venom.
Blork the orc shouts!
Blork the orc jeers noisily.
Blork the orc hits you with a +4 battleaxe of venom!
You closely miss Blork the orc. Your headbutt misses Blork the orc.
Blork the orc hits you with a +4 battleaxe of venom! x2
* * * LOW HITPOINT WARNING * * *
You are poisoned.
You are too injured to fight recklessly!
You are too injured to fight recklessly!
You barely miss Blork the orc. Your headbutt misses Blork the orc.
You feel very sick. You block Blork the orc's attack.
You slash Blork the orc!
Blork the orc is heavily wounded.
You feel sick.
Blork the orc hits you with a +4 battleaxe of venom.
* * * LOW HITPOINT WARNING * * *
You are lethally poisoned!
You slash Blork the orc!
Blork the orc is almost dead.
* * * LOW HITPOINT WARNING * * *
You feel very sick.
Blork the orc points at you and mumbles some strange words.
The puff of frost hits you.
You die...

+......#.#####'#.#..###.#
#......#.......#.#......#
............#####.##.#####
#######.....# #.##.#
#.....# #.##.# #.....###
#.##.# #######...###.##.#
......>...'.#....#
#######@..########
#o....... #....#### #....#
#....# ####.# .# .#


You could see Blork the orc.

Vanquished Creatures
  Grinder (D:3)
  Sigmund (D:3)
  A black bear (D:4)
  Natasha (twice) (D:3)
  Robin (D:3)
  3 adders (D:2)
  3 worms
  2 dart slugs (D:2)
  2 orcs (D:3)
  3 ball pythons
  11 endoplasms
  3 giant cockroaches
  10 goblins
  9 hobgoblins
  A jackal (D:2)
  5 kobolds
  3 quokkas
  2 bats
  A frilled lizard (D:1)
  8 rats
  A spectral orc (D:3)
73 creatures vanquished.

Notes
Turn   | Place    | Note
-------+----------+-------------------------------------------
     0 | D:1      | BinkBink the Minotaur Fighter began the quest for the Orb.
     0 | D:1      | Reached XP level 1. HP: 19/19 MP: 0/0
   122 | D:1      | Found a faded altar of an unknown god.
   164 | D:1      | Reached XP level 2. HP: 15/27 MP: 1/1
   853 | D:2      | Reached XP level 3. HP: 33/33 MP: 2/2
  1143 | D:2      | Reached XP level 4. HP: 39/40 MP: 3/3
  1610 | D:3      | Noticed Robin
  1620 | D:3      | Killed Robin
  1747 | D:3      | Noticed Sigmund
  1765 | D:3      | Killed Sigmund
  1766 | D:3      | Reached skill level 5 in Shields
  1766 | D:3      | Reached XP level 5. HP: 17/47 MP: 4/4
  1766 | D:3      | Reached XP level 6. HP: 19/53 MP: 5/5
  1983 | D:3      | Identified the +0 scale mail "Solla" {Stlth+}
  2067 | D:3      | Noticed Grinder
  2074 | D:3      | Paralysed by Grinder for 2 turns
  2076 | D:3      | Killed Grinder
  2077 | D:3      | Reached skill level 5 in Fighting
  2077 | D:3      | Reached skill level 5 in Axes
  2163 | D:3      | Noticed Natasha
  2169 | D:3      | Killed Natasha
  2170 | D:3      | Reached skill level 5 in Armour
  2170 | D:3      | Reached XP level 7. HP: 57/61 MP: 6/6
  2247 | D:3      | Found a basalt altar of Yredelemnul.
  2327 | D:3      | Noticed Natasha
  2333 | D:3      | Killed Natasha
  2461 | D:4      | Noticed Blork the orc
  2468 | D:4      | Killed from afar by Blork the orc

Illustrated notes

Levels and vault maps discovered:
D:1:      roderic_dead_forest, layout_loops_ring,
          shapermc_ecumenical_altar_mp_urbaneastern, minmay_split_cup_large
D:2:      wad_river_or_something, layout_rooms
D:3:      layout_basic, yredelemnul_forgotten_temple_becter,
          dreamdust_princess_corridor, grunt_ministairs_6,
          grunt_decor_mini_mirrors, minmay_unequal, uniq_grinder, uniq_sigmund,
          uniq_robin, uniq_natasha
D:4:      cheibrodos_thug_alley, layout_basic, mainiacjoe_overflow_catwalk,
          minmay_temple_entry_drinking_statues, uniq_blork_the_orc

Skill      XL: |  1  2  3  4  5  6  7 |
---------------+----------------------+-----
Shields        | 4 5 6 |  6.6
Axes           | 3 4 5 6 |  6.0
Fighting       | 4 5 |  5.2
Armour         | 4 5 |  5.1

Action                     |  1- 3 |  4- 6 |  7- 9 || total
---------------------------+-------+-------+-------++-------
  Melee: War axe           |    65 |    67 |    12 ||   144
         Headbutt          |    12 |    17 |     2 ||    31
 Armour: Scale mail        |    40 |    47 |    12 ||    99
  Dodge: Dodged            |    25 |    29 |     6 ||    60
  Block: Buckler           |    12 |     5 |     6 ||    23

Table legend: (Time is in decaauts)
 A = Elapsed time spent in this place.
 B = Non-inter-level travel time spent in this place.
 C = Inter-level travel time spent in this place.
 D = Time resting spent in this place.
 E = Time spent auto-exploring this place.
 F = Levels seen in this place.
 G = Mean time per level.
                   A        B        C        D        E       F      G
               +--------+--------+--------+--------+--------+-----+--------+
         Total |   2517 |   2464 |     53 |    121 |   1932 |   4 |  629.2 |
       Dungeon |   2517 |   2464 |     53 |    121 |   1932 |   4 |  629.2 |
               +--------+--------+--------+--------+--------+-----+--------+

Top non-repeatable levels by time:
     D:3: 977 daAuts
     D:1: 831 daAuts
     D:2: 617 daAuts
     D:4: 91 daAuts
